 Dungeon Crawl Stone Soup version 0.29.0-4-gdea44cf6ec (webtiles) character file.

Game seed: 15800667736260188666

653 qw the Cleaver (level 7, -3/60 HPs)
             Began as a Minotaur Fighter on Sept 6, 2022.
             Was an Initiate of Ru.
             Slain by a troll (6 damage)
             ... on level 5 of the Dungeon.
             The game lasted 00:01:51 (5222 turns).

qw the Cleaver (Minotaur Fighter)                   Turns: 5222, Time: 00:01:51

Health: -3/60      AC: 28    Str: 23    XL:     7   Next: 29%
Magic:  6/6        EV:  3    Int:  8    God:    Ru [......]
Gold:   276        SH:  4    Dex:  9    Spells: 6/6 levels left

rFire   . . .      SeeInvis .   Y - +0 war axe
rCold   . . .      Faith    .   c - +0 buckler
rNeg    . . .      Spirit   .   a - +8 orange crystal plate armour {Archmagi, Int+3 Clar}
rPois   .          Reflect  .   (helmet restricted)
rElec   .          Harm     .   e - +0 cloak
rCorr   .          Rampage  .   f - +0 pair of gloves
Will    .....      Archmagi +   b - +0 pair of boots
Stlth   .......... Clarity  +   (no amulet)
HPRegen 0.20/turn               (no ring)
MPRegen 0.10/turn               (no ring)

@: lethally poisoned (-3 -> -11), slowed, very slow
A: horns 2, retaliatory headbutt
a: Renounce Religion


You were on level 5 of the Dungeon.
You worshipped Ru.
Ru was noncommittal.
You visited 2 branches of the dungeon, and saw 6 of its levels.

You collected 276 gold pieces.


Innate Abilities, Weirdness & Mutations

You have a pair of horns on your head.
You reflexively headbutt those who attack you in melee.


   Skills:
 - Level 4.7 Fighting
 + Level 8.5 Axes
 - Level 5.0 Armour
 - Level 1.0 Dodging
 - Level 3.6 Shields


You had 6 spell levels left.
You didn't know any spells.
Your spell library was empty.

Inventory:

Hand Weapons
 g - a +0 flail
 Y - a +0 war axe (weapon)
Armour
 a - the +8 orange crystal plate armour (worn) {Archmagi, Int+3 Clar}
   (You acquired it on level 3 of the Dungeon)

   Int:       It affects your intelligence (+3).
   Clar:      It protects you against confusion.
 b - a +0 pair of boots (worn)
 c - a +0 buckler (worn)
 e - a +0 cloak (worn)
 f - a +0 pair of gloves (worn)
Jewellery
 l - a ring of ice
Scrolls
 s - 2 scrolls of identify
Potions
 d - 3 potions of might
 h - a potion of heal wounds
 k - a potion of mutation
 p - a potion of brilliance {unknown}
 q - a potion of curing
 r - a potion of resistance {unknown}

Dungeon Overview and Level Annotations

Branches:
Dungeon (5/15)             Temple (1/1) D:4

Altars:
Ashenzari
Elyvilon
Kikubaaqudgha
Makhleb
Okawaru
Ru
Trog
Xom

Shops:
D:5 *


Message History

The adder bites you but does no damage. The wraith barely misses you.
You furiously retaliate!
You headbutt the wraith. The troll bites you but does no damage.
The troll claws you but does no damage. x2
The scorpion stings you but does no damage.
The adder bites you but does no damage. The wraith hits you but does no damage.
The troll bites you! You block the troll's attack. The troll barely misses you.
The scorpion stings you but does no damage.
You closely miss the scorpion.
The scorpion is heavily wounded.
You barely miss the adder. You barely miss the wraith. You slash the troll!
The adder bites you but does no damage.
The scorpion stings you but does no damage.
You block the wraith's attack. The troll bites you but does no damage.
You block the troll's attack. The troll claws you but does no damage.
The adder bites you but does no damage.
The scorpion stings you but does no damage.
The wraith hits you. The wraith drains your vigour!
You feel as though you will be slow longer.
The troll bites you but does no damage.
The troll claws you but does no damage. x2
You completely miss the scorpion.
The scorpion is heavily wounded.
You barely miss the adder. You barely miss the wraith. You slash the troll!
The adder bites you but does no damage. The scorpion stings you.
You are poisoned.
The scorpion poisons you! The adder bites you but does no damage.
You block the wraith's attack. The troll bites you but does no damage.
The troll claws you! The troll claws you but does no damage.
The scorpion stings you but does no damage.
You slash the troll!
The troll is severely wounded.
You hit the scorpion. You miss the adder. You closely miss the wraith.
You feel very sick. You block the adder's attack.
The wraith hits you but does no damage. The troll bites you!
The troll claws you but does no damage. The troll claws you.
The scorpion stings you but does no damage.
The adder bites you. The wraith completely misses you.
The troll bites you but does no damage. The troll claws you but does no damage.
The troll claws you.
You die...

#...# #...# #...# #
#############...#### .#
..................>####.#
######..#####...##......###
####''#######.##.#......#
#........## #.##.#.####.#
#.......S@.# #....#.# .#
#........WTs.##......####.#
..............####........#
...............# #.####...#
................##.####.#.#
................#..........
.....7!!7..$....##.###.##.#
...77........+..##...#..
+.....\...#


You could see a troll, a wraith, a scorpion and an adder.

Vanquished Creatures
  Duvessa (D:4)
  A black bear (D:4)
  An ogre (D:4)
  Dowan (D:4)
  A howler monkey (D:4)
  A hound (D:5)
  2 iguanas (D:4)
  Robin (D:4)
  4 gnolls (D:5)
  4 adders
  2 ufetubi (D:5)
  A worm (D:4)
  2 dart slugs (D:3)
  An orc (D:3)
  15 ball pythons
  11 endoplasms
  5 giant cockroaches
  17 goblins
  9 hobgoblins
  7 jackals
  7 kobolds
  4 quokkas
  A bat (D:1)
  2 frilled lizards (D:1)
  5 rats
106 creatures vanquished.

Vanquished Creatures (others)
  A plant (D:5)
1 creature vanquished.

Grand Total: 107 creatures vanquished

Notes
Turn   | Place    | Note
-------+----------+-------------------------------------------
     0 | D:1      | qw the Minotaur Fighter began the quest for the Orb.
     0 | D:1      | Reached XP level 1. HP: 19/19 MP: 0/0
     0 | D:1      | 0 ||| qw: Version: 0.1-a-107-g9ff403c
     0 | D:1      | 0 ||| qw: Game counter: 6137
     0 | D:1      | 0 ||| qw: Always use a shield: true
     0 | D:1      | 0 ||| qw: God list: Ru
     0 | D:1      | 0 ||| qw: Allow faded altars: false
     0 | D:1      | 0 ||| qw: Do Orc after D:15 true
     0 | D:1      | 0 ||| qw: Do second Lair branch before Depths: true
     0 | D:1      | 0 ||| qw: Lair rune preference: random
     0 | D:1      | 0 ||| qw: Plans: Normal
     0 | D:1      | 0 ||| PLANNING D:1-11
    77 | D:1      | Reached skill level 3 in Axes
   405 | D:1      | Reached XP level 2. HP: 26/26 MP: 1/1
   763 | D:1      | Reached skill level 4 in Axes
   906 | D:1      | Reached XP level 3. HP: 31/31 MP: 2/2
  1450 | D:1      | 1450 ||| READING scroll labelled YNGAAH CEATYAHOGO.
  1451 | D:1      | 1451 ||| READING scroll labelled YDEUFA XEUDA.
  1552 | D:1      | 1552 ||| READING scroll labelled ZOAJARR GOGO.
  1557 | D:1      | 1557 ||| READING scroll labelled HAZXUW FESHIHY.
  1558 | D:1      | 1558 ||| READING scroll labelled MUCOL ITRYETT.
  1697 | D:2      | Found a broken altar of Ashenzari.
  1702 | D:2      | Identified the +3 short sword of Hopeak {antimagic, rF+}
  1707 | D:2      | 1707 ||| Stepping ~*~*~tactically~*~*~ (stealth).
  2196 | D:2      | Reached skill level 5 in Axes
  2508 | D:2      | 2508 ||| UPGRADING to +0 chain mail.
  2518 | D:2      | 2518 ||| DROPPING +0 scale mail.
  2519 | D:2      | 2519 ||| UPGRADING to +0 pair of gloves.
  2524 | D:2      | 2524 ||| DROPPING scarf of harm.
  2525 | D:2      | 2525 ||| DROPPING ring of magical power.
  2526 | D:2      | 2526 ||| READING scroll labelled JOJYJI NEQUSE.
  2527 | D:2      | 2527 ||| DRINKING 3 inky potions.
  2628 | D:2      | 2628 ||| DROPPING 2 potions of ambrosia.
  2728 | D:3      | Reached XP level 4. HP: 39/39 MP: 3/3
  2794 | D:3      | 2794 ||| Stepping ~*~*~tactically~*~*~ (stealth).
  2910 | D:3      | Found a faded altar of an unknown god.
  2911 | D:3      | 2911 ||| Stepping ~*~*~tactically~*~*~ (stealth).
  2914 | D:3      | 2914 ||| Stepping ~*~*~tactically~*~*~ (stealth).
  2915 | D:3      | 2915 ||| Stepping ~*~*~tactically~*~*~ (stealth).
  2916 | D:3      | 2916 ||| Stepping ~*~*~tactically~*~*~ (stealth).
  2959 | D:3      | 2959 ||| Stepping ~*~*~tactically~*~*~ (hiding).
  2960 | D:3      | 2960 ||| Stepping ~*~*~tactically~*~*~ (hiding).
  2962 | D:3      | 2962 ||| Stepping ~*~*~tactically~*~*~ (hiding).
  3152 | D:3      | 3152 ||| FLEEEEING.
  3153 | D:3      | 3153 ||| FLEEEEING.
  3756 | D:3      | 3756 ||| UPGRADING to +0 pair of boots.
  3761 | D:3      | 3761 ||| READING scroll labelled ITYAD POPROTTEN.
  3762 | D:3      | 3762 ||| READING scroll labelled OGIUTE BETRU.
  3762 | D:3      | Identified a scroll of acquirement
  3762 | D:3      | 3762 ||| ACQUIRING +8 orange crystal plate armour
                  | {Archmagi, Int+3 Clar}
  3762 | D:3      | Acquired the +8 orange crystal plate armour {Archmagi,
                  | Int+3 Clar}
  3762 | D:3      | Found the +8 orange crystal plate armour {Archmagi, Int+3
                  | Clar}
  3764 | D:3      | 3764 ||| UPGRADING to +8 orange crystal plate armour
                  | {Archmagi, Int+3 Clar}.
  3774 | D:3      | 3774 ||| DROPPING +0 chain mail.
  3775 | D:3      | 3775 ||| READING scroll labelled ANEHIUFIUNK.
  3910 | D:3      | 3910 ||| READING 2 scrolls labelled NURUSI AMEN.
  3911 | D:3      | 3911 ||| READING 2 scrolls of identify.
  3911 | D:3      | 3911 ||| IDENTIFYING puce potion
  3912 | D:3      | 3912 ||| DROPPING potion of attraction.
  3913 | D:3      | 3913 ||| DROPPING scroll of butterflies.
  3938 | D:4      | Noticed Robin
  3948 | D:4      | Reached skill level 6 in Axes
  3959 | D:4      | Reached XP level 5. HP: 16/45 MP: 4/4
  3964 | D:4      | Killed Robin
  4168 | D:4      | Noticed Dowan
  4168 | D:4      | Noticed Duvessa
  4169 | D:4      | Noticed an ogre
  4169 | D:4      | Noticed a black bear
  4171 | D:4      | Found a staircase to the Ecumenical Temple.
  4172 | D:4      | 4172 ||| PLANNING TEMPLE
  4175 | D:4      | Killed an ogre
  4176 | D:4      | Reached skill level 7 in Axes
  4182 | D:4      | Killed a black bear
  4183 | D:4      | Reached XP level 6. HP: 14/53 MP: 5/5
  4184 | D:4      | Killed Dowan
  4184 | D:4      | HP: 10/53 [Duvessa/+0 short sword (4)]
  4185 | D:4      | 4185 ||| READING scroll of teleportation.
  4186 | D:4      | Killed Duvessa
  4187 | D:4      | Reached skill level 8 in Axes
  4473 | Temple   | Entered the Ecumenical Temple
  4541 | Temple   | Became a worshipper of Ru the Awakened
  4550 | Temple   | 4550 ||| PLANNING D:1-11
  4605 | D:4      | Reached XP level 7. HP: 60/60 MP: 6/6
  4670 | D:4      | Found an ancient bone altar of Kikubaaqudgha.
  4972 | D:4      | 4972 ||| UPGRADING to +0 cloak.
  4977 | D:4      | 4977 ||| DROPPING +6 ring of intelligence.
  4978 | D:4      | 4978 ||| READING 3 scrolls of identify.
  4978 | D:4      | 4978 ||| IDENTIFYING orange potion
  4979 | D:4      | 4979 ||| READING 2 scrolls of identify.
  4979 | D:4      | 4979 ||| IDENTIFYING blue potion
  4987 | D:5      | Entered Level 5 of the Dungeon
  4988 | D:5      | 4988 ||| PLANNING OSSUARY
  4996 | D:5      | Reached skill level 1 in Dodging
  5051 | D:5      | 5051 ||| DROPPING +0 mace.
  5122 | D:5      | Found a white marble altar of Elyvilon.
  5158 | D:5      | Found Eruqepim's Gadget Gallery.
  5211 | D:5      | Noticed a wraith
  5211 | D:5      | Noticed a troll
  5222 | D:5      | HP: 9/60 [troll (11)]
  5222 | D:5      | HP: 3/60 [adder (2)]
  5222 | D:5      | Slain by a troll

Levels and vault maps discovered:
D:1:      amcnicky_arrival_flooded_fountain, layout_basic
D:2:      mumra_celtic_spiral_tile, layout_basic, basic_altar
D:3:      layout_basic, nicolae_ecumenical_snake_handling
D:4:      layout_rooms, nicolae_kikubaaqudgha_miasma_corner,
          minmay_temple_entry_mini_moons, serial_rivers,
          chequers_serial_rivers_micro_b, chequers_serial_rivers_micro_b,
          chequers_serial_rivers_micro_e, chequers_serial_rivers_room_a,
          uniq_duvessa, uniq_robin
D:5:      kennysheep_big_flooded_room, layout_basic,
          mainiacjoe_overflow_six_doors_small,
          lemuel_mausoleum_altar_yredelemnul, elyvilon_altar_1,
          nicolae_ossuary_entry_false_entrances, serial_shops,
          nicolae_shop_overgrown_old_shop, nicolae_shop_gadgets
Temple:   nicolae_temple_figure_zero

Skill      XL: |  1  2  3  4  5  6  7 |
---------------+----------------------+-----
Axes           | 3 4 5 6 7 8 |  8.5
Armour         | 4 5 |  5.0
Fighting       | 4 |  4.7
Dodging        | 1 |  1.0
Shields        | |  3.6

Action                   |  1- 3 |  4- 6 |  7- 9 || total
-------------------------+-------+-------+-------++-------
Melee: War axe           |   106 |    93 |    50 ||   249
       Headbutt          |    14 |    16 |     4 ||    34
  Use: Scroll            |     6 |     6 |     2 ||    14
       Potion            |     1 |       |       ||     1
Armor: Scale mail        |    32 |       |       ||    32
       Chain mail        |     3 |    16 |       ||    19
       Crystal plate arm |       |   105 |    67 ||   172
Dodge: Dodged            |    44 |    20 |    13 ||    77
Block: Buckler           |    19 |    32 |    18 ||    69

Table legend:
 A = Non-vault XP
 B = Vault XP
 C = Vault XP percentage of total XP
 D = Non-vault monster count
 E = Vault monster count
 F = Vault count percentage of total count
                 A         B        C        D         E       F
            +---------+---------+-------+---------+---------+-------
      Total |     678 |     256 |  27.4 |      89 |      17 |  16.0
            +---------+---------+-------+---------+---------+-------
        D:1 |      54 |       0 |   0.0 |      31 |       0 |   0.0
        D:2 |      29 |       0 |   0.0 |      17 |       0 |   0.0
        D:3 |      57 |       5 |   8.1 |      17 |       4 |  19.0
        D:4 |     411 |     251 |  37.9 |      16 |      13 |  44.8
        D:5 |     127 |       0 |   0.0 |       8 |       0 |   0.0
            +---------+---------+-------+---------+---------+-------
